 Dungeon Crawl Stone Soup version 0.20.1-1-g8b1a95d (webtiles) character file.

330 polve the Charmwright (level 6, -2/44 HPs)
             Began as a Merfolk Skald on July 17, 2017.
             Slain by a sky beast (5 damage)
             ... on level 5 of the Dungeon.
             The game lasted 00:05:40 (4222 turns).

polve the Charmwright (Merfolk Skald)               Turns: 4222, Time: 00:05:41

Health: -2/44      AC:  8    Str: 12    XL:     6   Next: 51%
Magic:  0/9        EV:  9    Int: 14    God:
Gold:   170        SH:  0    Dex: 13    Spells: 1/9 levels left

rFire    . . .     SeeInvis .   b - +0 trident
rCold    + . .     Gourm    .   (no shield)
rNeg     . . .     Faith    .   C - +0 scale mail
rPois    .         Spirit   .   v - +0 helmet
rElec    .         Reflect  .   (no cloak)
rCorr    .         Harm     .   B - +0 pair of gloves
MR       .....                  (no boots)
Stlth    ..........             s - amulet of magic regeneration
Regen    0.2/turn               n - ring of wizardry
MPRegen  0.2/turn               A - ring of protection from cold

@: infused (expiring), singing
A: change form in water, swift swim, stealthy swim
a: no special abilities


You were on level 5 of the Dungeon.
You were not hungry.

You visited 1 branch of the dungeon, and saw 5 of its levels.

You collected 170 gold pieces.

Inventory:

Hand Weapons
 b - a +0 trident (weapon)
Armour
 v - a +0 helmet (worn)
 B - a +0 pair of gloves (worn)
 C - a +0 scale mail (worn)
Jewellery
 n - a ring of wizardry (left hand)
 s - an amulet of magic regeneration (around neck)
 A - a ring of protection from cold (right hand)
Wands
 w - a wand of disintegration (9/24)
Scrolls
 e - 6 scrolls of teleportation {unknown}
 f - a scroll of enchant weapon {unknown}
 j - 2 scrolls of amnesia {unknown}
 k - 2 scrolls of identify {unknown}
 l - a scroll of enchant armour {unknown}
 p - 2 scrolls of remove curse {unknown}
 r - 2 scrolls of blinking {unknown}
 t - a scroll of noise {unknown}
 y - a scroll of magic mapping {unknown}
Potions
 i - a potion of resistance {unknown}
 m - a potion of heal wounds {unknown}
 o - 3 potions of curing {unknown}
 q - 2 potions of magic {unknown}
 u - 4 potions of flight {unknown}
 z - a potion of agility {unknown}
Books
 c - a book of Battle

   Spells                             Type                      Level
   a - Infusion                       Charms                       1
   b - Shroud of Golubria             Charms/Translocation         2
   c - Song of Slaying                Charms                       2
   d - Spectral Weapon                Hexes/Charms                 3
   e - Regeneration                   Charms/Necromancy            3
Comestibles
 d - 3 bread rations
 g - 3 fruits
 h - 3 meat rations


   Skills:
 - Level 2.1 Fighting
 + Level 4.9 Polearms
 - Level 0.6 Armour
 - Level 2.6 Dodging
 - Level 2.0 Spellcasting
 + Level 3.4 Hexes
 - Level 5.0 Charms
 - Level 2.0 Translocations


You had one spell level left.
You knew the following spells:

 Your Spells              Type           Power        Failure   Level  Hunger
a - Infusion              Chrm           ###.         6%          1    ##.....
b - Shroud of Golubria    Chrm/Tloc      ##........   17%         2    ###....
c - Spectral Weapon       Hex/Chrm       ##......     26%         3    ####...
d - Song of Slaying       Chrm           ###.....     10%         2    ###....


Dungeon Overview and Level Annotations

Branches:
Dungeon (5/15)
 Temple: D:4-7

Altars:
Sif Muna

Shops:
D:5 [


Message History

Something hits you but does no damage. The orc misses you.
You hit the orc wizard.
The orc wizard is moderately wounded.
Your spectral weapon hits the orc wizard from afar!
The orc wizard casts a spell at you. The magic dart hits you!
* * * LOW HITPOINT WARNING * * *
Something hits you.
* * * LOW HITPOINT WARNING * * *
Something shocks you.
* * * LOW HITPOINT WARNING * * *
The orc hits you with a falchion.
* * * LOW HITPOINT WARNING * * *
The orc wizard hits you but does no damage.
You puncture the orc wizard!
You kill the orc wizard!
Something hits you.
* * * LOW HITPOINT WARNING * * *
Something shocks you.
You die...

#.....## #......+
#......# #.
#....[.# #.
#......# #..
#......# #...
#.{)o.# # #
#...#####@####....
#........(........
#.................
#.....÷...........
#...##..##..####..
######..######## #
#....<.........#
#........∩.....#
#..............#


You could see an orc and a friendly spectral trident.

Vanquished Creatures
  3 orc wizards
  A bullfrog skeleton (D:4)
  An orc priest (D:5)
  An iguana (D:4)
  7 adders
  An ooze (D:3)
  4 worms
  A dart slug (D:1)
  A leopard gecko (D:5)
  7 orcs
  6 giant cockroaches
  9 goblins
  6 hobgoblins
  8 jackals
  2 quokkas (D:4)
  A ball python (D:3)
  8 bats
  2 frilled lizards
  A jackal skeleton (D:4)
  4 kobolds
  8 rats
82 creatures vanquished.

Notes
Turn   | Place    | Note
-------+----------+-------------------------------------------
     0 | D:1      | polve the Merfolk Skald began the quest for the Orb.
     0 | D:1      | Reached XP level 1. HP: 16/16 MP: 3/3
   171 | D:1      | Reached XP level 2. HP: 17/22 MP: 0/5
   179 | D:1      | Reached skill level 4 in Charms
   844 | D:1      | Reached XP level 3. HP: 22/27 MP: 1/6
  1479 | D:2      | Reached skill level 5 in Charms
  1483 | D:2      | Learned a level 2 spell: Shroud of Golubria
  1487 | D:2      | Learned a level 3 spell: Spectral Weapon
  1608 | D:2      | Reached XP level 4. HP: 26/33 MP: 4/7
  1963 | D:3      | Reached skill level 1 in Hexes
  2193 | D:3      | Reached skill level 1 in Translocations
  2242 | D:3      | Found a deep blue altar of Sif Muna.
  3016 | D:4      | Reached XP level 5. HP: 34/38 MP: 3/8
  3878 | D:4      | Reached XP level 6. HP: 38/44 MP: 2/9
  4053 | D:4      | Learned a level 2 spell: Song of Slaying
  4176 | D:5      | Entered Level 5 of the Dungeon
  4176 | D:5      | Found Bemnaan's Armour Emporium.
  4211 | D:5      | Noticed a sky beast
  4222 | D:5      | Slain by a sky beast

Skill      XL: |  1  2  3  4  5  6 |
---------------+-------------------+-----
Charms         | 4 5 |  5.0
Hexes          | 1 2 3 |  3.4
Translocations | 1 2 |  2.0
Polearms       | 4 |  4.9
Fighting       | |  2.1
Armour         | |  0.6
Dodging        | |  2.6
Spellcasting   | |  2.0

Action                   |  1- 3 |  4- 6 || total
-------------------------+-------+-------++-------
Melee: Spear             |   129 |    89 ||   218
       Trident           |       |    58 ||    58
 Cast: Infusion          |    13 |    27 ||    40
       Shroud of Golubri |       |     2 ||     2
       Spectral Weapon   |       |     2 ||     2
       Song of Slaying   |       |     1 ||     1
 Stab: Sleeping          |     1 |       ||     1
  Eat: Chunk             |     3 |     9 ||    12
Armor: Leather armour    |    33 |     7 ||    40
       Scale mail        |       |    38 ||    38
Dodge: Dodged            |    62 |    56 ||   118
